 Dungeon Crawl Stone Soup version 0.28-a0-401-ge240ad9e29 (webtiles) character file.

Game seed: 18236815694201616251

84 olmar the Covered (level 4, -5/29 HPs)
             Began as a Gargoyle Fighter on Sept 4, 2021.
             Killed by divine providence
             ... invoked by an orc priest
              (10 damage)
             ... on level 3 of the Dungeon.
             The game lasted 00:03:39 (2167 turns).

olmar the Covered (Gargoyle Fighter)                Turns: 2167, Time: 00:03:40

Health: -5/29      AC: 11    Str: 21    XL:     4   Next: 46%
Magic:  4/4        EV:  9    Int:  8    God:
Gold:   130        SH:  4    Dex:  9    Spells: 3/3 levels left

rFire   . . .      SeeInvis .   a - +0 flail
rCold   . . .      Faith    .   c - +0 buckler
rNeg    + . .      Spirit   .   b - +0 scale mail
rPois   ∞          Reflect  .   (no helmet)
rElec   +          Harm     .   (no cloak)
rCorr   .          Rampage  .   i - +0 pair of gloves
Will    +....                   (no boots)
Stlth   ..........              (no amulet)
HPRegen 0.09/turn               l - ring of willpower
MPRegen 0.09/turn               (no ring)

@: no status effects
A: sickness immunity, AC +3, negative energy resistance 1, electricity
resistance, torment resistance 1, petrification resistance
a: no special abilities


You were on level 3 of the Dungeon.
You visited 1 branch of the dungeon, and saw 3 of its levels.

You collected 130 gold pieces.

Inventory:

Hand Weapons
 a - a +0 flail (weapon)
Armour
 b - a +0 scale mail (worn)
 c - a +0 buckler (worn)
 i - a +0 pair of gloves (worn)
Jewellery
 l - a ring of willpower (left hand)
Scrolls
 g - a scroll of enchant weapon {unknown}
 h - a scroll of identify {unknown}
 k - a scroll of fear {unknown}
Potions
 d - 2 potions of curing
 e - a potion of magic {unknown}
 f - a potion of attraction {unknown}
 j - a potion of flight {unknown}


   Skills:
 + Level 3.9 Fighting
 + Level 2.9 Maces & Flails
 + Level 4.0 Armour
 + Level 0.1 Dodging
 + Level 0.2 Stealth
 + Level 3.9 Shields


You had 3 spell levels left.
You didn't know any spells.
Your spell library contained the following spells:

 Spells                   Type           Power      Damage    Failure   Level
 Gell's Gravitas          Tloc           0%         N/A       98%         3
 Lesser Beckoning         Tloc           0%         N/A       98%         3
 Teleport Other           Tloc           0%         N/A       98%         3
 Alistair's Intoxication  Tmut/Pois      0%         N/A       100%        5
 Borgnjor's Vile Clutch   Necr/Erth      0%         N/A       100%        5
 Eringya's Noxious Bog    Tmut/Pois      0%         N/A       100%        6


Dungeon Overview and Level Annotations

Branches:
Dungeon (3/15)

Altars:

Annotations:
D:2 1 runed translucent door, Crazy Yiuf


Innate Abilities, Weirdness & Mutations

You are immune to sickness and miasma.
Your stone body is resilient. (AC +3)
You are immune to poison.
You resist negative energy. (rN+)
You are resistant to electric shocks. (rElec)
You are resistant to unholy torment.
You are immune to petrification.


Message History

You hit the orc.
You kill the orc!
The orc barely misses you. The orc hits you but does no damage.
You block the orc priest's attack.
You barely miss the orc priest. You block the orc's attack.
The orc priest hits you with a +0 club.
You barely miss the orc priest. The orc closely misses you.
You block the orc priest's attack.
You closely miss the orc priest. The orc barely misses you.
You block the orc priest's attack.
You closely miss the orc priest. The orc barely misses you.
The orc priest hits you but does no damage.
The orc closely misses you. You block the orc priest's attack.
You closely miss the orc priest. The orc barely misses you.
The orc priest hits you with a +0 club.
You barely miss the orc priest. The orc hits you but does no damage.
The orc priest closely misses you.
You closely miss the orc priest. The orc hits you but does no damage.
You block the orc priest's attack.
You hit the orc priest.
The orc priest is lightly wounded.
The orc hits you but does no damage.
The orc priest hits you but does no damage.
You block the orc's attack. The orc priest hits you with a +0 club.
You sock the orc priest!
The orc priest is severely wounded.
The orc priest begins to cast a cantrip, but forgets the words!
You block the orc's attack. The orc priest hits you with a +0 club.
You closely miss the orc priest.
The orc priest is severely wounded.
The orc hits you but does no damage. The orc priest closely misses you.
You barely miss the orc priest.
The orc priest is severely wounded.
You block the orc's attack.
The orc priest calls down the wrath of Beogh upon you.
Beogh smites you!
* * * LOW HITPOINT WARNING * * *
The orc priest invokes the aid of Beogh against you.
Beogh smites you!
You die...

### ##.. #..o
######### ##.o.
#.>.....# ##..o
#.......##....#
#..........#.# ####.
#.....<.####.###......
#.).........oo@o.#
#.......#.########
#.......#.#
#.......#..
#.......#### #########


You could see 2 orc priests and an orc.

Vanquished Creatures
  2 adders (D:2)
  2 dart slugs (D:1)
  An orc (D:3)
  7 bats
  9 endoplasms
  2 giant cockroaches (D:1)
  2 goblins
  7 hobgoblins
  A quokka (D:2)
  8 ball pythons
  3 frilled lizards
  6 kobolds
  7 rats
57 creatures vanquished.

Notes
Turn   | Place    | Note
-------+----------+-------------------------------------------
     0 | D:1      | olmar the Gargoyle Fighter began the quest for the Orb.
     0 | D:1      | Reached XP level 1. HP: 14/14 MP: 1/1
    31 | D:1      | Reached XP level 2. HP: 8/19 MP: 2/2
   466 | D:1      | Reached XP level 3. HP: 19/24 MP: 3/3
  1093 | D:2      | Reached XP level 4. HP: 29/29 MP: 4/4
  1309 | D:2      | Found a runed translucent door.
  1310 | D:2      | Noticed Crazy Yiuf
  1421 | D:2      | Found a faded altar of an unknown god.
  1952 | D:2      | Reached skill level 4 in Armour
  2167 | D:3      | Killed from afar by an orc priest

Illustrated notes

Levels and vault maps discovered:
D:1:      scummos_arrival_simple_fountains, layout_rooms, serial_rivers,
          chequers_serial_rivers_micro_e, chequers_serial_rivers_room_b,
          chequers_serial_rivers_micro_b, chequers_serial_rivers_micro_c,
          chequers_serial_rivers_micro_c, chequers_serial_rivers_small_b,
          minmay_vboxes
D:2:      layout_loops_corners, dreamdust_ecumenical_altar_angels_and_demons,
          eino_tiny_chamber, uniq_crazy_yiuf_cottage
D:3:      layout_rooms, chequers_temple_overflow_statue_of_worship,
          chequers_mini_garden

Skill      XL: |  1  2  3  4 |
---------------+-------------+-----
Armour         | 4 |  4.0
Fighting       | |  3.9
Maces & Flails | |  2.9
Dodging        | |  0.1
Stealth        | |  0.2
Shields        | |  3.9

Action                   |  1- 3 |  4- 6 || total
-------------------------+-------+-------++-------
Melee: Flail             |   107 |    72 ||   179
  Use: Potion            |     1 |     1 ||     2
Armor: Scale mail        |    65 |    49 ||   114
Dodge: Dodged            |    66 |    35 ||   101
Block: Buckler           |    25 |    19 ||    44

Table legend: (Time is in decaauts)
 A = Elapsed time spent in this place.
 B = Non-inter-level travel time spent in this place.
 C = Inter-level travel time spent in this place.
 D = Time resting spent in this place.
 E = Time spent auto-exploring this place.
 F = Levels seen in this place.
 G = Mean time per level.
                   A        B        C        D        E       F      G
               +--------+--------+--------+--------+--------+-----+--------+
         Total |   2221 |   2158 |     63 |     24 |   1738 |   3 |  740.3 |
       Dungeon |   2221 |   2158 |     63 |     24 |   1738 |   3 |  740.3 |
               +--------+--------+--------+--------+--------+-----+--------+

Top non-repeatable levels by time:
     D:2: 1197 daAuts
     D:1: 976 daAuts
     D:3: 48 daAuts
